 Dungeon Crawl Stone Soup version 0.21-a0-525-ga34b322 (webtiles) character file.

2706 Amnesiac the Shooter (level 9, -1/69 HPs)
             Began as a Mummy Hunter on Dec 7, 2017.
             Was an Initiate of Okawaru.
             Hit by a stone thrown by an orc warrior (8 damage)
             ... on level 7 of the Dungeon.
             The game lasted 00:13:23 (9966 turns).

Amnesiac the Shooter (Mummy Hunter)                 Turns: 9966, Time: 00:13:23

Health: -1/69      AC:  8    Str: 23    XL:     9   Next: 39%
Magic:  0/0        EV: 13    Int: 11    God:    Okawaru [......]
Gold:   255        SH:  0    Dex: 10    Spells: 8/8 levels left

rFire    x x .     SeeInvis .   a - +1 shortbow
rCold    + + +     Gourm    .   (shield currently unavailable)
rNeg     + + +     Faith    .   k - +1 acid dragon scales
rPois    ∞         Spirit   .   (no helmet)
rElec    .         Reflect  .   (no cloak)
rCorr    +         Harm     +   (no gloves)
MR       +....                  (no boots)
Stlth    +.........             v - amulet of harm
HPRegen  0.21/turn              g - ring of ice
MPRegen  0.07/turn              p - ring "Tilic" {rC+ MP-9 Str+5 Dex-2 Slay+5}

@: no status effects
A: no food or potions, fire vulnerability, cold resistance 1, negative energy
resistance 3, torment resistance, unbreathing
a: Renounce Religion


You were on level 7 of the Dungeon.
You worshipped Okawaru.
Okawaru was noncommittal.
You were not hungry.

You visited 2 branches of the dungeon, and saw 9 of its levels.
You also visited: Sewer.

You collected 255 gold pieces.

Inventory:

Hand Weapons
 a - a +1 shortbow (weapon)
 b - a +2 dagger of venom
 r - a +0 hunting sling
 x - a +0 hand crossbow
Missiles
 d - 52 arrows (quivered)
 q - 16 poisoned needles
 s - 235 stones
 u - 74 sling bullets
 y - 26 bolts
Armour
 j - a +0 large shield
 k - +1 acid dragon scales (worn)
Jewellery
 g - a ring of ice (left hand)
 p - the ring "Tilic" (right hand) {rC+ MP-9 Str+5 Dex-2 Slay+5}
   (You found it on level 4 of the Dungeon)

   [ring of slaying]

   It affects your strength (+5).
   It affects your dexterity (-2).
   It affects your accuracy and damage with ranged weapons and melee attacks
   (+5).
   It protects you from cold.
   It affects your magic capacity (-9).
 v - an amulet of harm (around neck)
 w - an uncursed ring of ice
Wands
 l - a wand of flame (9)
Scrolls
 c - a scroll of amnesia {!r}
 e - 4 scrolls of blinking {!r}
 f - 6 scrolls of identify {!r}
 h - 2 scrolls of fear {!r, unknown}
 i - a scroll of immolation {!r}
 m - a scroll of magic mapping {!r, unknown}
 n - 4 scrolls of teleportation {!r}
 o - a scroll of enchant weapon {!r}
 t - 2 scrolls of remove curse {!r}
 z - a scroll of fog {!r, unknown}


   Skills:
 + Level 5.9 Fighting
 * Level 7.5 Bows
 + Level 4.9 Armour
 + Level 5.0 Dodging
 - Level 0.7 Stealth


You had 8 spell levels left.
You didn't know any spells.

Dungeon Overview and Level Annotations

Branches:
Dungeon (8/15)             Temple (1/1) D:6
   Lair: D:8-11

Altars:
Ashenzari
Cheibriados
Elyvilon
Fedhas
Gozag
Hepliaklqana
Kikubaaqudgha
Makhleb
Nemelex Xobeh
Okawaru
Qazlal
Ru
Sif Muna
Trog
Uskayaw
Vehumet
Wu Jian
Xom
Yredelemnul
Zin
The Shining One

Shops:
D:6 }


Innate Abilities, Weirdness & Mutations

You do not eat or drink.
Your flesh is vulnerable to fire.
You are immune to poison.
Your flesh is cold resistant. (rC+)
You are immune to negative energy. (rN+++)
You are immune to unholy pain and torment.
You can survive without breathing.


Message History

The orc wizard blinks!
You see here a stone.
The gnoll hits you with a halberd.
The orc warrior throws a stone.
The stone hits you but does no damage.
There is a stone staircase leading up here.
Things that are here:
3 stones; a throwing net The gnoll closely misses you.
The orc warrior throws a stone.
The stone hits you.
The orc wizard gestures at you while chanting.
The magic dart hits you!
You climb upwards.
There is a stone staircase leading down here.
Firing (i - inventory. (,) - cycle):
d - 56 arrows (quivered)
Press: ? - help, Shift-Dir - straight line, f - gnoll
Aim: a gnoll, wielding a halberd You shoot an arrow.
The arrow hits the gnoll!
You kill the gnoll!
Okawaru accepts your kill.
Your Dodging skill increases to level 5!
d - 56 arrows (gained 1)
Items here: )))) [[[
There is a stone staircase leading down here.
You climb downwards.
The orc warrior throws a stone.
The stone hits you.
The orc warrior throws a stone.
The stone hits you.
There is a stone staircase leading up here.
Things that are here:
6 stones; a throwing net Firing (i - inventory. (,) - cycle):
d - 56 arrows (quivered)
Press: ? - help, Shift-Dir - straight line, f - orc warrior
Aim: an orc warrior, wielding a war axe and wearing a chain mail You shoot an arrow.
The arrow hits the orc warrior.
The orc warrior is lightly wounded.
Firing (i - inventory. (,) - cycle):
d - 55 arrows (quivered)
Press: ? - help, Shift-Dir - straight line, f/p - orc warrior
Aim: an orc warrior, wielding a war axe and wearing a chain mail (lightly wounded)
You shoot an arrow.
The arrow barely misses the orc warrior.
The orc warrior throws a stone.
The stone closely misses you.
Firing (i - inventory. (,) - cycle):
d - 54 arrows (quivered)
Press: ? - help, Shift-Dir - straight line, f/p - orc warrior
Aim: an orc warrior, wielding a war axe and wearing a chain mail (lightly wounded)
You shoot an arrow.
The arrow hits the orc warrior but does no damage.
The orc warrior is lightly wounded.
The orc warrior throws a stone.
The stone hits you!
* * * LOW HITPOINT WARNING * * *
Firing (i - inventory. (,) - cycle):
d - 53 arrows (quivered)
Press: ? - help, Shift-Dir - straight line, f/p - orc warrior
Aim: an orc warrior, wielding a war axe and wearing a chain mail (lightly wounded)
You shoot an arrow.
The arrow barely misses the orc warrior.
The orc wizard hits you from afar with an enchanted spear.
* * * LOW HITPOINT WARNING * * *
The orc warrior barely misses you. The orc wizard closely misses you.
You climb upwards.
There is a stone staircase leading down here.
The orc warrior hits you with a war axe!!
* * * LOW HITPOINT WARNING * * *
Items here: ))) [ a leather armour; a flail x2; a war axe The orc warrior throws a stone.
The stone barely misses you.
The orc warrior throws a stone.
The stone hits you!
You die...

#.....##....
#........#..
#......#.###
#<....##..#
#.....###.## #..####
#... ##########..#
###. #...........#
###. #o[.@...(.#.#
#...
#>[.........######.#.
#[[........###.....#.
##########.###.######
##......# ##...#####
#...## ###..## #####
#...## ##....


You could see an orc warrior.

Vanquished Creatures
  2 hippogriffs (D:8)
  A sky beast (D:8)
  2 ice beasts
  2 phantoms
  An eye of draining (D:8)
  2 ogres
  A centaur (D:6)
  2 bullfrogs
  A wyvern skeleton (D:3)
  4 scorpions
  2 crimson imps
  2 orc priests (D:7)
  A centaur zombie (D:6)
  A gnoll shaman (D:7)
  2 hounds
  4 bullfrog skeletons
  2 iguanas
  7 orc wizards
  7 worker ants
  2 hound zombies
  13 adders
  10 gnolls
  4 river rats (Sewer)
  A shadow imp (D:8)
  An adder skeleton (D:4)
  7 worms
  3 dart slugs
  9 leopard geckos
  19 orcs
  7 bats
  3 giant cockroaches
  13 goblins
  11 hobgoblins
  5 jackals (D:4)
  5 kobolds
  8 quokkas
  2 ball pythons (Sewer)
  9 frilled lizards
  A jackal zombie (D:6)
  A leopard gecko zombie (D:8)
  A quokka skeleton (D:4)
  13 rats
  A plant (D:4)
195 creatures vanquished.

Notes
Turn   | Place    | Note
-------+----------+-------------------------------------------
     0 | D:1      | Amnesiac the Mummy Hunter began the quest for the Orb.
     0 | D:1      | Reached XP level 1. HP: 16/16 MP: 1/1
    76 | D:1      | Reached skill level 1 in Armour
   366 | D:1      | Reached XP level 2. HP: 22/22 MP: 2/2
   660 | D:1      | Reached XP level 3. HP: 27/27 MP: 3/3
  1089 | D:2      | Found a deep blue altar of Sif Muna.
  1415 | D:2      | Noticed a phantom
  1723 | D:2      | Found an ornate altar of the Wu Jian Council.
  1729 | D:2      | Reached XP level 4. HP: 34/34 MP: 4/4
  2194 | D:2      | HP: 1/34 [phantom (8)]
  2251 | D:2      | Killed a phantom
  2251 | D:2      | Reached skill level 4 in Bows
  2251 | D:2      | Reached XP level 5. HP: 9/40 MP: 5/5
  2351 | D:2      | Found a deep blue altar of Sif Muna.
  2599 | D:3      | Found a glowing silver altar of Zin.
  2913 | D:3      | Found a sparkling altar of Nemelex Xobeh.
  3010 | D:3      | Reached XP level 6. HP: 10/47 MP: 6/6
  4229 | D:4      | Got a faintly glowing glass ring
  4286 | D:4      | Reached skill level 5 in Bows
  4286 | D:4      | Reached XP level 7. HP: 49/52 MP: 7/7
  4512 | D:4      | Identified the ring "Tilic" {rC+ MP-9 Str+5 Dex-2 Slay+5} (You found it on level 4 of the Dungeon)
  5306 | D:2      | Found an ornate altar of the Wu Jian Council.
  5707 | D:5      | Entered Level 5 of the Dungeon
  6160 | D:5      | Found a glowing drain.
  6187 | Sewer    | Entered a sewer
  6852 | D:6      | Reached XP level 8. HP: 55/61 MP: 0/8
  6877 | D:6      | Found a staircase to the Ecumenical Temple.
  6895 | D:6      | Reached skill level 6 in Bows
  6971 | Temple   | Entered the Ecumenical Temple
  7513 | D:6      | Found Fejeivih's Gadget Boutique.
  8033 | D:7      | Reached skill level 5 in Fighting
  8399 | D:7      | Found a blossoming altar of Fedhas.
  8637 | D:7      | Found a white marble altar of Elyvilon.
  8712 | D:8      | Reached skill level 7 in Bows
  8712 | D:8      | Reached XP level 9. HP: 53/68 MP: 0/9
  8725 | D:8      | Found an iron altar of Okawaru.
  8739 | D:8      | Noticed a troll
  8745 | D:8      | Became a worshipper of Warmaster Okawaru
  9952 | D:7      | Reached skill level 5 in Dodging
  9966 | D:7      | Hit by a stone thrown by an orc warrior

Vault maps used:
D:1:      evilmike_arrival_grusome_pit, minmay_heptomino_h4
D:2:      overflow_temple_1_default, lemuel_blue_sif_altar
D:3:      minmay_wonky_spiral, lemuel_coloured_pillars_altar,
          nemelex_xobeh_ov_fountains_minmay
D:4:      wad_woods_settlement, first_bread
D:5:      cheibrodos_sewer_entry_bend, minmay_misc_feat_alley,
          kennysheep_generic_room_15
D:6:      minmay_temple_entry_statues_fountains, serial_shops,
          nicolae_shop_stone
D:7:      kennysheep_mini, fedhas_altar_1
D:8:      cheibrodos_fzero, okawaru_trees_2, minmay_another_anthill
Temple:   regret_index_temple_waves
Sewer:    sewer_co_cracked_pipes

Skill      XL: |  1  2  3  4  5  6  7  8  9 |
---------------+----------------------------+-----
Armour         | 1 2 3 4 |  4.9
Dodging        | 2 3 4 5 |  5.0
Bows           | 4 5 7 |  7.5
Fighting       | 3 4 5 |  5.9
Stealth        | |  0.7

Action                   |  1- 3 |  4- 6 |  7- 9 || total
-------------------------+-------+-------+-------++-------
Melee: Spear             |    64 |       |       ||    64
       Dagger            |    34 |   262 |    66 ||   362
 Fire: Shortbow          |    30 |    57 |    59 ||   146
       Hunting sling     |       |       |   227 ||   227
       Hand crossbow     |       |       |    66 ||    66
  Use: Scroll            |       |     5 |     2 ||     7
 Stab: Sleeping          |     1 |     1 |       ||     2
Armor: Leather armour    |     3 |       |       ||     3
       Ring mail         |    22 |       |       ||    22
       Acid dragon scale |     1 |    90 |    95 ||   186
Dodge: Dodged            |    68 |   126 |   193 ||   387
Block: Large shield      |       |    11 |       ||    11

Table legend:
 A = Spawn XP
 B = Non-spawn XP
 C = Spawn XP percentage of total XP
 D = Spawn monster count
 E = Non-spawn monster count
 F = Spawn count percentage of total count
 G = Total turns spent on level
                    A         B        C        D         E        F      G
               +---------+---------+-------+---------+---------+-------+---------
         Total |       0 |    3866 |   0.0 |       0 |     194 |   0.0 |  9966
               +---------+---------+-------+---------+---------+-------+---------
           D:1 |       0 |      44 |   0.0 |       0 |      21 |   0.0 |  1095
           D:2 |       0 |     197 |   0.0 |       0 |      21 |   0.0 |  1874
           D:3 |       0 |     170 |   0.0 |       0 |      24 |   0.0 |  1430
           D:4 |       0 |     529 |   0.0 |       0 |      36 |   0.0 |  1609
           D:5 |       0 |     228 |   0.0 |       0 |      10 |   0.0 |   800
           D:6 |       0 |     848 |   0.0 |       0 |      18 |   0.0 |  1007
           D:7 |       0 |     776 |   0.0 |       0 |      26 |   0.0 |  1439
           D:8 |       0 |     981 |   0.0 |       0 |      18 |   0.0 |   207
         Sewer |       0 |      93 |   0.0 |       0 |      20 |   0.0 |   377
               +---------+---------+-------+---------+---------+-------+---------
